 Dungeon Crawl Stone Soup version 0.24-a0-278-gefa1973 (webtiles) character file.

Game seed: 8747490830457729293

95579 Gunnerkreig the Eclecticist (level 16, -8/171 HPs)
             Began as an Octopode Wizard on Apr 29, 2019.
             Was the Champion of Vehumet.
             Killed from afar by Jorgrun (48 damage)
             ... with an iron shot
             ... on level 15 of the Dungeon on Apr 30, 2019.
             The game lasted 02:30:19 (35754 turns).

Gunnerkreig the Eclecticist (Octopode Wizard)      Turns: 35754, Time: 02:30:20

Health: -8/171     AC: 33    Str: 10    XL:     16   Next: 14%
Magic:  30/35      EV:  2    Int: 25    God:    Vehumet [******]
Gold:   576        SH:  6    Dex: 19    Spells: 6/45 levels left

rFire    + + .     SeeInvis .   q - +8 flail of Arrival {venom, rN+}
rCold    . . .     Gourm    .   V - +0 buckler
rNeg     + + +     Faith    .   (helmet currently unavailable)
rPois    +         Spirit   .   d - amulet of magic regeneration
rElec    .         Reflect  .   D - ring of poison resistance
rCorr    +         Harm     .   r - +2 ring of evasion
MR       +....     NoTele   +   H - ring of protection from fire
Stlth    +++++.....             U - ring of Phasing {EV+8}
HPRegen  0.38/turn              m - ring of wizardry
MPRegen  0.49/turn              l - ring of Sivocoga {rF+ Dex+7}
                                P - +5 ring of protection
                                O - ring of Uskayaw's Condemnation {rCorr Str+3}

@: tree-form (expiring)
A: almost no armour, stealthy swim, (amphibious), 8 rings, (constrict 8)
a: Renounce Religion


You were on level 15 of the Dungeon.
You worshipped Vehumet.
Vehumet was exalted by your worship.
You were not hungry.
You were a tree.
You visited 4 branches of the dungeon, and saw 24 of its levels.
You also visited: Sewer and Ice Cave.

You collected 3020 gold pieces.
You spent 2444 gold pieces at shops.

Inventory:

Hand Weapons
 q - the +8 flail of Arrival (weapon) {venom, rN+}
   (You found it on level 4 of the Lair of Beasts)

   It poisons the flesh of those it strikes.
   It protects you from negative energy.
 E - the +9 trident "Gyximp" {venom, rElec rN+++ MR- Dex-3}
   (You found it on level 6 of the Lair of Beasts)

   It poisons the flesh of those it strikes.
   It affects your dexterity (-3).
   It insulates you from electricity.
   It renders you almost immune to negative energy.
   It affects your resistance to hostile enchantments.
Missiles
 i - 15 tomahawks of returning (quivered)
 w - a throwing net
Armour
 a - a +1 hat (melded)
 N - a +0 shield of resistance
 V - a +0 buckler (worn)
Jewellery
 d - an amulet of magic regeneration (around neck)
 l - the ring of Sivocoga (on tentacle) {rF+ Dex+7}
   (You found it on level 15 of the Dungeon)

   [ring of protection from fire]

   It affects your dexterity (+7).
   It protects you from fire.
 m - a ring of wizardry (on tentacle)
 r - a +2 ring of evasion (right branch)
 D - a ring of poison resistance (left branch)
 H - a ring of protection from fire (on tentacle)
 O - the ring of Uskayaw's Condemnation (on tentacle) {rCorr Str+3}
   (You acquired it on level 4 of the Dungeon)

   [ring of resist corrosion]

   It affects your strength (+3).
 P - a +5 ring of protection (on tentacle)
 U - the ring of Phasing (on tentacle) {EV+8}
   (You bought it in a shop on level 4 of the Dungeon)

   [ring of evasion]

   It affects your evasion (+8).
Wands
 o - a wand of scattershot (3)
 u - a wand of acid (33)
 v - a wand of digging (14)
 K - a wand of iceblast (15)
 R - a wand of enslavement (12)
Scrolls
 b - 3 scrolls of identify
 f - 7 scrolls of remove curse
 g - a scroll of amnesia
 j - 4 scrolls of enchant weapon
 x - 2 scrolls of enchant armour
 y - 2 scrolls of blinking
 z - 3 scrolls of fog
 A - 3 scrolls of magic mapping
 C - 7 scrolls of teleportation
 Q - 4 scrolls of fear
Potions
 e - a potion of brilliance
 k - a potion of might
 n - a potion of ambrosia
 p - 4 potions of haste
 s - 7 potions of flight
 t - 7 potions of heal wounds
 F - 7 potions of curing
 G - a potion of agility
 J - 2 potions of resistance
 T - 2 potions of magic
Miscellaneous
 h - 2 sacks of spiders
 B - a fan of gales
 M - 2 phantom mirrors
Comestibles
 c - 39 rations
 L - 6 chunks of flesh


   Skills:
 - Level 12.2 Fighting
 - Level 12.1 Dodging
 - Level 10.0 Stealth
 * Level 6.0 Shields
 - Level 15.4 Spellcasting
 + Level 8.1 Conjurations
 - Level 2.0 Summonings
 - Level 3.1 Translocations
 - Level 6.0 Fire Magic
 - Level 2.0 Ice Magic
 - Level 3.3 Air Magic
 + Level 1.1 Earth Magic
 - Level 1.0 Poison Magic
 - Level 4.0 Evocations


You had 6 spell levels left.
You knew the following spells:

 Your Spells              Type           Power        Failure   Level  Hunger
b - Conjure Flame         Conj/Fire      ######..     1%          3    None
c - Mephitic Cloud        Conj/Pois/Air  #####...     1%          3    None
d - Sticky Flame          Conj/Fire      ######..     1%          4    None
e - Airstrike             Air            #####.....   1%          4    None
f - Shock                 Conj/Air       ####         1%          1    None
g - Fireball              Conj/Fire      ######....   1%          5    #......
h - Iron Shot             Conj/Erth      #####.....   8%          6    ####...
r - Bolt of Magma         Conj/Fire/Erth #####.....   1%          5    #......
t - Throw Icicle          Conj/Ice       #####...     1%          4    None
w - Call Imp              Summ           ####....     1%          2    None
y - Blink                 Tloc           N/A          1%          2    None

Your spell library contained the following spells:

 Spells                   Type           Power        Failure   Level  Hunger
 Flame Tongue             Conj/Fire      #####        1%          1    None
 Magic Dart               Conj           ####         1%          1    None
 Sandblast                Erth           ####..       1%          1    None
 Passwall                 Tmut/Erth      ###.....     1%          2    None
 Searing Ray              Conj           ######       1%          2    None
 Slow                     Hex            ###.....     1%          2    None
 Throw Flame              Conj/Fire      ######       1%          2    None
 Dazzling Spray           Conj/Hex       #####.       1%          3    None
 Inner Flame              Hex/Fire       ####....     1%          3    None
 Stone Arrow              Conj/Erth      #####.       1%          3    None
 Force Lance              Conj/Tloc      #####...     1%          4    None
 Fulminant Prism          Conj/Hex       #####.....   1%          4    None
 Iskenderun's Mystic Bla  Conj           ######..     1%          4    None
 Irradiate                Conj/Tmut      #####.....   1%          5    #......
 Venom Bolt               Conj/Pois      #####.....   1%          5    #......
 Lee's Rapid Deconstruct  Erth           ####......   5%          5    #......
 Petrify                  Tmut/Erth      ###.....     9%          4    None
 Statue Form              Tmut/Erth      ###......    77%         6    ####...
 Hydra Form               Tmut           ###.......   83%         6    ####...
 Dragon Form              Tmut           ###.......   100%        7    ######.


Dungeon Overview and Level Annotations

Branches:
Dungeon (15/15)            Temple (1/1) D:5            Lair (6/6) D:8
  Swamp (0/4) Lair:3       Spider (0/4) Lair:3        Slime (0/5) Lair:5
    Orc (2/2) D:11            Elf (0/3) Orc:2        Depths (0/5) D:15
 Vaults: D:13-14

Altars:
Ashenzari
Cheibriados
Dithmenos
Elyvilon
Fedhas
Gozag
Hepliaklqana
Kikubaaqudgha
Makhleb
Nemelex Xobeh
Okawaru
Qazlal
Ru
Sif Muna
Trog
Uskayaw
Vehumet
Wu Jian
Xom
Yredelemnul
Zin
The Shining One
Beogh

Shops:
D:4 =   D:11 }   D:15 %   Orc:1 (   Orc:2 *(!([

Portals:
Trove: D:14 (give brooch of Shielding)

Annotations:
D:10 +0 large shield
D:13 great weapons stash (randarts) and mutations
D:15 Jorgrun
Lair:5 exclusion: downstairs


Innate Abilities, Weirdness & Mutations

You cannot wear most types of armour.
You are very stealthy in the water. (Stealth+)
((You are amphibious.))
You can wear up to eight rings at the same time.
((You can use your tentacles to constrict eight enemies at once.))
((Your skin changes colour to match your surroundings (Stealth+).))
((Your rubbery body absorbs attacks. (AC +1, EV +1)))


Message History

You feel less invigorated.
You feel less confused. You block Jorgrun's attack.
Casting: Sticky Flame (safe; 1% risk of failure)
Confirm with . or Enter, or press ? or * to list all spells.
Aiming: Bolt of Magma (safe; 1% risk of failure)
Press: ? - help, Shift-Dir - straight line, f/p - Jorgrun
Aim: Jorgrun, wielding a +0 quarterstaff of crushing and wearing a +0 robe of fire resistance (moderately wounded)
Okay, then.
Casting: Bolt of Magma (safe; 1% risk of failure)
Confirm with . or Enter, or press ? or * to list all spells.
Aiming: Sticky Flame (safe; 1% risk of failure)
Press: ? - help, Shift-Dir - straight line, f/p - Jorgrun
Aim: Jorgrun, wielding a +0 quarterstaff of crushing and wearing a +0 robe of fire resistance (moderately wounded)
The sticky flame hits Jorgrun.
Jorgrun resists.
Jorgrun is moderately wounded.
Jorgrun is covered in liquid flames!
Jorgrun burns!
Jorgrun points at you and mumbles some strange words.
The iron shot hits you!!!
You die...

####### ##.)=$.#* ####
#......,* * ##[.##
*.)..,,,* **
##∩...######'###+###***,
#......♣g...........**,,
#...##+#............,*+*
##..#............#..,,,,
##.'...............,,,,
###...........#...,,,,
###....#..........g,,,,
##.....#.......#....,,*,
###..................,,,,*
#...............#..,,,,,,,


You could see Jorgrun (burning).

Vanquished Creatures
  Gastronok (D:10)
  A frost giant (D:15)
  An ettin (D:15)
  An ogre mage (D:15)
  A great orb of eyes (D:15)
  7 hydras
  Erolcha (D:10)
  3 vault guards (D:15)
  A rakshasa (D:15)
  A centaur warrior (D:15)
  A catoblepas (D:14)
  Erica (D:10)
  A deep troll shaman (D:15)
  2 two-headed ogres
  11 death yaks
  A tengu warrior (D:15)
  6 orc high priests (Orc:2)
  Nergalle (Lair:2)
  2 unseen horrors
  A necromancer (IceCv)
  A wolf spider (Lair:6)
  9 cyclopes
  3 orc sorcerers
  3 ugly things
  A deep elf mage (D:15)
  2 manticores
  6 black mambas
  3 centaur zombies (D:14)
  3 ice statues (IceCv)
  Maurice (Orc:2)
  11 spiny frogs
  3 gargoyles
  A torpor snail (Lair:6)
  3 centaur skeletons
  8 komodo dragons
  8 rime drakes
  An efreet (D:15)
  A freezing wraith (D:15)
  6 kobold demonologists
  7 ice devils (IceCv)
  A guardian mummy (D:14)
  A hornet (D:11)
  8 trolls
  11 polar bears
  A meliai (D:13)
  A tyrant leech (Lair:3)
  3 blink frogs (Lair:4)
  7 hippogriffs
  A slime creature (D:15)
  3 raiju (Lair:6)
  8 dream sheep
  A tarantella (Lair:3)
  3 wraiths
  2 vampires
  55 yaks
  A wyvern (shapeshifter) (D:13)
  3 wyverns
  4 hogs (D:7)
  A human (D:7)
  3 hungry ghosts
  A basilisk (Lair:3)
  Grum (D:8)
  6 vampire mosquitoes
  A soldier ant (D:14)
  2 swamp worms (Lair:3)
  15 wargs
  8 water moccasins
  2 acid dragons
  2 floating eyes (D:15)
  7 porcupines
  12 hell hounds (Lair:6)
  13 orc warriors
  Purgy (D:3)
  11 ice beasts
  13 black bears
  2 phantoms
  8 sky beasts
  13 ogres
  4 necrophages (D:6)
  3 eyes of draining
  31 wolves
  2 centaurs
  6 big kobolds
  12 crocodiles
  16 bullfrogs
  A wyvern zombie (D:6)
  A hornet simulacrum (D:15)
  7 scorpions
  A water moccasin skeleton (D:11)
  19 killer bees
  9 wights
  4 howler monkeys
  7 electric eels
  2 draconian simulacra (IceCv)
  7 crimson imps
  2 quasits
  5 bullfrog zombies
  6 hounds
  11 orc wizards
  4 jellies
  36 orc priests
  A bullfrog skeleton (D:10)
  6 iguanas
  8 worker ants
  A troll simulacrum (IceCv)
  A bullfrog simulacrum (D:13)
  4 centaur simulacra
  A hound zombie (D:9)
  A hound skeleton (D:10)
  4 worker ant zombies
  Robin (D:3)
  7 adders
  10 gnolls
  An ogre simulacrum (IceCv)
  3 naga simulacra (IceCv)
  A river rat (Sewer)
  3 shadow imps
  4 oozes (Lair:5)
  3 adder zombies
  4 adder skeletons
  2 worms
  3 dart slugs
  5 leopard geckos
  71 orcs
  2 ball pythons
  8 giant cockroaches
  8 goblins
  10 hobgoblins
  7 jackals
  5 quokkas
  3 bats
  6 frilled lizards
  A jackal skeleton (D:2)
  A jackal zombie (D:6)
  22 kobolds
  A leopard gecko skeleton (D:5)
  A leopard gecko zombie (D:2)
  A quokka skeleton (D:8)
  11 rats
  2 butterflies
  A fungus (Lair:2)
  A plant (Lair:6)
794 creatures vanquished.

Vanquished Creatures (collateral kills)
  A rime drake (Lair:6)
  An ice beast (D:12)
2 creatures vanquished.

Vanquished Creatures (others)
  A two-headed ogre (D:15)
  A wolf (Lair:2)
  An orc wizard (D:8)
  A worker ant (D:7)
  A bush (D:6)
  18 fungi
  21 plants
44 creatures vanquished.

Grand Total: 840 creatures vanquished

Notes
Turn   | Place    | Note
-------+----------+-------------------------------------------
     0 | D:1      | Gunnerkreig the Octopode Wizard began the quest for the
                  | Orb.
     0 | D:1      | Reached XP level 1. HP: 11/11 MP: 4/4
   348 | D:1      | You fall through a shaft!
   359 | D:2      | Reached XP level 2. HP: 15/18 MP: 3/6
   896 | D:2      | Reached skill level 1 in Fighting
  1066 | D:1      | Reached XP level 3. HP: 23/23 MP: 4/7
  2038 | D:2      | Reached XP level 4. HP: 28/28 MP: 5/9
  2243 | D:2      | Learned a level 3 spell: Conjure Flame
  2247 | D:2      | Learned a level 3 spell: Mephitic Cloud
  2250 | D:2      | Learned a level 2 spell: Blink
  2795 | D:3      | Noticed Purgy
  2814 | D:3      | Killed Purgy
  2814 | D:3      | Reached XP level 5. HP: 35/35 MP: 4/10
  3078 | D:3      | Reached skill level 5 in Stealth
  3078 | D:3      | Reached skill level 4 in Spellcasting
  3078 | D:3      | Reached XP level 6. HP: 40/40 MP: 3/12
  3141 | D:3      | Noticed Robin
  3154 | D:3      | Killed Robin
  3897 | D:4      | Learned a level 2 spell: Call Imp
  3965 | D:4      | Found Luci's Jewellery Boutique.
  4036 | D:4      | Found a glowing drain.
  4045 | Sewer    | Entered a sewer
  4151 | Sewer    | Reached XP level 7. HP: 45/45 MP: 4/14
  4157 | Sewer    | Learned a level 4 spell: Sticky Flame
  4197 | Sewer    | Found a white marble altar of Elyvilon.
  4656 | D:4      | Reached skill level 1 in Poison Magic
  5087 | D:5      | Entered Level 5 of the Dungeon
  5104 | D:5      | Reached skill level 1 in Air Magic
  5300 | D:5      | Reached skill level 1 in Fire Magic
  5311 | D:5      | Reached skill level 5 in Spellcasting
  5532 | D:5      | Found a staircase to the Ecumenical Temple.
  5594 | Temple   | Entered the Ecumenical Temple
  5743 | Temple   | Became a worshipper of Vehumet
  5790 | D:5      | Found a shimmering altar of Xom.
  5810 | D:5      | Reached XP level 8. HP: 51/51 MP: 12/15
  6078 | D:5      | Reached skill level 1 in Evocations
  6882 | D:6      | Reached skill level 5 in Conjurations
  7184 | D:6      | Found a blossoming altar of Fedhas.
  7682 | D:7      | Reached skill level 5 in Fire Magic
  7686 | D:7      | Reached XP level 9. HP: 55/55 MP: 6/16
  7794 | D:7      | Reached * piety under Vehumet
  7794 | D:7      | Offered knowledge of Shock by Vehumet.
  7797 | D:7      | Learned a level 1 spell: Shock
  8336 | D:7      | Reached skill level 6 in Spellcasting
  8728 | D:7      | Found a glowing silver altar of Zin.
  8774 | D:8      | Noticed Grum
  9139 | D:8      | Reached XP level 10. HP: 65/65 MP: 8/20
  9225 | D:8      | Reached skill level 7 in Spellcasting
  9444 | D:8      | Found a staircase to the Lair.
  9632 | D:8      | Offered knowledge of Searing Ray by Vehumet.
  9965 | D:8      | Reached ** piety under Vehumet
  9974 | D:8      | Killed Grum
 10092 | D:8      | Reached skill level 5 in Fighting
 10610 | D:4      | Bought an uncursed ring of poison resistance for 220 gold
                  | pieces
 10724 | Lair:1   | Entered Level 1 of the Lair of Beasts
 11080 | Lair:1   | Reached skill level 5 in Dodging
 11102 | Lair:1   | Reached skill level 8 in Spellcasting
 11442 | Lair:1   | Noticed a black mamba
 11450 | Lair:1   | Killed a black mamba
 11686 | Lair:1   | Found a burning altar of Makhleb.
 11843 | Lair:1   | Reached XP level 11. HP: 67/72 MP: 18/23
 11850 | Lair:1   | Learned a level 5 spell: Fireball
 12462 | Lair:2   | Reached skill level 9 in Spellcasting
 13156 | Lair:2   | Offered knowledge of Dazzling Spray by Vehumet.
 13364 | Lair:2   | Noticed Nergalle
 13643 | Lair:2   | Killed Nergalle
 13998 | Lair:3   | Found a hole to the Spider Nest.
 14620 | Lair:3   | Got a faintly glowing quarterstaff
 14621 | Lair:3   | Identified the +11 quarterstaff of Gassem {pain, MP+9
                  | Int+2} (You found it on level 3 of the Lair of Beasts)
 14804 | Lair:3   | Reached *** piety under Vehumet
 14804 | Lair:3   | Reached skill level 10 in Spellcasting
 14883 | Lair:3   | Reached XP level 12. HP: 58/81 MP: 26/26
 15211 | Lair:3   | Noticed a four-headed hydra
 15218 | Lair:3   | Killed a four-headed hydra
 15655 | Lair:3   | Noticed a death yak
 15666 | Lair:3   | Killed a death yak
 15697 | Lair:3   | Found a staircase to the Swamp.
 16306 | Lair:4   | Offered knowledge of Throw Icicle by Vehumet.
 16404 | Lair:4   | Learned a level 4 spell: Throw Icicle
 16527 | Lair:4   | Got an ichor-stained flail
 16531 | Lair:4   | Identified the +8 flail of Arrival {venom, rN+} (You found
                  | it on level 4 of the Lair of Beasts)
 17232 | Lair:4   | Reached skill level 11 in Spellcasting
 17524 | Lair:5   | Reached skill level 1 in Ice Magic
 17561 | Lair:5   | Noticed a six-headed hydra
 17568 | Lair:5   | Killed a six-headed hydra
 17775 | Lair:5   | Noticed a five-headed hydra
 17783 | Lair:5   | Killed a five-headed hydra
 18153 | Lair:5   | Noticed a four-headed hydra
 18153 | Lair:5   | Reached XP level 13. HP: 74/89 MP: 20/28
 18918 | Lair:5   | Reached **** piety under Vehumet
 19130 | Lair:5   | Found a staircase to the Slime Pits.
 19439 | Lair:6   | Entered Level 6 of the Lair of Beasts
 19506 | Lair:6   | Reached skill level 12 in Spellcasting
 20315 | Lair:6   | Offered knowledge of Airstrike by Vehumet.
 20325 | Lair:6   | Learned a level 4 spell: Airstrike
 20488 | Lair:6   | Reached skill level 10 in Stealth
 21054 | Lair:6   | Got a translucent trident
 21072 | Lair:6   | Identified the +9 trident "Gyximp" {venom, rElec rN+++ MR-
                  | Dex-3} (You found it on level 6 of the Lair of Beasts)
 21850 | Lair:6   | Reached XP level 14. HP: 98/98 MP: 21/30
 22147 | Lair:6   | Reached skill level 13 in Spellcasting
 22155 | Lair:6   | Reached skill level 10 in Fighting
 22430 | Lair:6   | Reached skill level 10 in Dodging
 22541 | Lair:6   | Reached ***** piety under Vehumet
 23131 | Lair:6   | Offered knowledge of Lightning Bolt by Vehumet.
 24856 | D:10     | Entered Level 10 of the Dungeon
 24903 | D:10     | Noticed Erica
 24913 | D:10     | Killed Erica
 25211 | D:10     | Noticed Erolcha
 25217 | D:10     | Killed Erolcha
 25269 | D:10     | Got a polished large shield
 25270 | D:10     | Identified the +0 large shield "Hicwuh" {rN+ Dex+4} (You
                  | found it on level 10 of the Dungeon)
 25448 | D:10     | Noticed Gastronok
 25466 | D:10     | Killed Gastronok
 25866 | D:11     | Found Foomeb's Gadget Shop.
 26590 | D:11     | Found a staircase to the Orcish Mines.
 26683 | D:12     | Found a frozen archway.
 26772 | D:12     | Reached skill level 14 in Spellcasting
 26894 | D:12     | Offered knowledge of Venom Bolt by Vehumet.
 26940 | IceCv    | Entered an ice cave
 28245 | IceCv    | Found the +11 plutonium sword {*Contam Stlth-}
 28809 | D:12     | Found the +10 large shield of Ignorance {rN+ Int-4}
 29029 | D:12     | Reached XP level 15. HP: 79/107 MP: 32/33
 29067 | D:12     | Found a burning altar of Makhleb.
 29135 | D:12     | Identified a scroll of acquirement
 29465 | Orc:1    | Entered Level 1 of the Orcish Mines
 30025 | Orc:1    | Found Puoru's Antique Weapon Shoppe.
 30198 | Orc:2    | Entered Level 2 of the Orcish Mines
 30236 | Orc:2    | Found Guwat's Distillery.
 30837 | Orc:1    | Offered knowledge of Lee's Rapid Deconstruction by Vehumet.
 31096 | Orc:2    | Noticed Maurice
 31105 | Orc:2    | Killed Maurice
 31377 | Orc:2    | Found a staircase to the Elven Halls.
 31546 | Orc:2    | Found Cuorezof's Assorted Antiques.
 31546 | Orc:2    | Found Qaitzyiw's Weapon Emporium.
 31595 | Orc:2    | Bought a white potion for 34 gold pieces
 31595 | Orc:2    | Bought a white potion for 34 gold pieces
 31698 | Orc:2    | Found a roughly hewn altar of Beogh.
 31706 | Orc:2    | Found Dahag's Weapon Boutique.
 31706 | Orc:2    | Found Ityec's Antique Armour Emporium.
 31713 | Orc:2    | Bought a buckler for 112 gold pieces
 31840 | Orc:2    | Found a radiant altar of Vehumet.
 32129 | Orc:2    | Bought 2 potions of heal wounds for 120 gold pieces
 32129 | Orc:2    | Bought a potion of mutation for 96 gold pieces
 32129 | Orc:2    | Bought 2 potions of heal wounds for 120 gold pieces
 32129 | Orc:2    | Bought 2 potions of heal wounds for 120 gold pieces
 32129 | Orc:2    | Bought a potion of heal wounds for 60 gold pieces
 32129 | Orc:2    | Bought a potion of haste for 120 gold pieces
 32294 | D:4      | Bought the ring of Phasing {EV+8} for 1408 gold pieces
 32294 | D:4      | Found the ring of Phasing {EV+8}
 32300 | D:4      | Got a warped lapis lazuli ring
 32302 | D:4      | Identified the ring of Uskayaw's Condemnation {rCorr Str+3}
                  | (You acquired it on level 4 of the Dungeon)
 32573 | D:13     | Found a shimmering altar of Xom.
 32631 | D:13     | Reached skill level 1 in Shields
 32662 | D:13     | Reached skill level 15 in Spellcasting
 33456 | D:13     | Identified Bibra's Tome of Conjuration
 33464 | D:13     | Learned a level 5 spell: Bolt of Magma
 33663 | D:13     | Identified the +6 war axe of Supply {holy, +Fly rElec
                  | Stlth+}
 33663 | D:13     | Identified the +2 hunting sling of Fimbulwinter {venom,
                  | +Inv rN++ Stlth+}
 33663 | D:13     | Identified the +0 leather armour "Deveonoi" {Str+5}
 34434 | D:14     | Found a portal to a secret trove of treasure.
 34814 | D:14     | You fall through a shaft!
 34814 | D:15     | Entered Level 15 of the Dungeon
 34816 | D:15     | Noticed a frost giant
 34825 | D:15     | Killed a frost giant
 34825 | D:15     | Reached ****** piety under Vehumet
 35299 | D:15     | Got a sparkling turquoise ring
 35301 | D:15     | Identified the ring of Sivocoga {rF+ Dex+7} (You found it
                  | on level 15 of the Dungeon)
 35334 | D:15     | Reached XP level 16. HP: 86/114 MP: 5/35
 35413 | D:15     | Found a staircase to the Depths.
 35420 | D:15     | Reached skill level 5 in Shields
 35497 | D:15     | Paralysed by a floating eye for 3 turns
 35507 | D:15     | Offered knowledge of Iron Shot by Vehumet.
 35515 | D:15     | Learned a level 6 spell: Iron Shot
 35688 | D:15     | Found Caneylae's Food Boutique.
 35722 | D:15     | Reached skill level 1 in Earth Magic
 35724 | D:15     | Noticed Jorgrun
 35754 | D:15     | Killed from afar by Jorgrun

Levels and vault maps discovered:
D:1:      giann_bridges, layout_loops_ring, fountainhead, amethyst_killhole
D:2:      layout_basic, serial_undead, serial_undead_c, serial_undead_b,
          serial_undead_f, serial_undead_e
D:3:      layout_basic, uniq_robin, uniq_purgy
D:4:      layout_basic, portal_sewer_entry_a, serial_shops,
          nicolae_shop_statue_plus
D:5:      layout_loops_ring, xom_butterflies, minmay_temple_entry_glass,
          first_ration
D:6:      layout_basic, minmay_misc_feat_five, minivault_14,
          fedhas_altar_decomposition
D:7:      layout_gridville, basic_altar, grunt_livestock, lightli_minifort
D:8:      layout_cave_pods, erik_lair_orcish_takeover, minivault_19, uniq_grum
D:9:      layout_cave_pools, serial_co_window_serial, co_window_corner_a,
          co_window_paths_a, co_window_corner_a, co_window_paths_b,
          co_window_corner_a, co_window_paths_a, co_window_paths_b,
          co_window_corner_ca, co_window_cross_2, co_window_corner_b,
          co_window_4corner_a, co_window_paths_e
D:10:     layout_roguey, uniq_gastronok, uniq_erolcha, uniq_erica
D:11:     layout_rooms, serial_shops, shop
D:12:     layout_basic, portal_ice_cave_entry_ice_beasts, hex_intersection,
          bloody_makhleb
D:13:     minmay_the_grid_octo_tiled_squarecenter [minmay_the_grid_octo_77,
          minmay_the_grid_octo_concentric, minmay_the_grid_octo_odd_swirl,
          minmay_the_grid_octo_checkered,
          minmay_the_grid_square_5x5_megaprize_crossed,
          minmay_the_grid_square_5x5_shuriken,
          minmay_the_grid_square_5x5_one_wall, minmay_the_grid_square_5x5_inset,
          minmay_the_grid_square_5x5_minivault], layout_stronghold, basic_altar,
          serial_column_ruins, column_ruins_grid_5,
          column_ruins_corridor_straight, column_ruins_columns_straight,
          column_ruins_corridor_straight, column_ruins_grid_4,
          column_ruins_grid_1
D:14:     minmay_blocking_statues, layout_basic, grunt_vaults_entry_tiered,
          grunt_decor_mini_mirrors, nicolae_trove_entry_path_of_doom
D:15:     hangedman_spin_cycle, uniq_jorgrun
Temple:   kilobyte_greek_temple
Lair:1:   layout_roguey, basic_altar, nicolae_quartered_pool_medium
Lair:2:   layout_loops_ring, infiniplex_staircase_pool, uniq_nergalle
Lair:3:   cheibrodos_lair_river_kwai, layout_regular_city,
          minmay_swamp_entry_worms, spider_nest_entry_rubble,
          beast_lair_carwin_9
Lair:4:   layout_loops_ring, serial_bayou_lagoon_b, serial_bayou_shore_b,
          infiniplex_staircase_pool_2
Lair:5:   layout_small_grid, nicolae_slime_entry_slimehenge,
          serial_bayou_shore_a, grunt_megastairs_1
Lair:6:   hangedman_lair_caniforms_friends, layout_gridlike,
          minmay_lair_drake_nest
Orc:1:    layout_caves, serial_shops, nicolae_shop_stone
Orc:2:    st_orc_town, layout_caves, serial_shops, nicolae_shop_statue_plus,
          basic_altar, uniq_maurice

Skill      XL: |  1  2  3  4  5  6  7  8  9 10 11 12 13 14 15 16 |
---------------+-------------------------------------------------+-----
Stealth        | 3 4 5 8 10 | 10.0
Fighting       | 1 2 4 5 7 8 9 11 12 | 12.2
Conjurations   | 2 3 4 5 6 7 8 |  8.1
Spellcasting   | 4 5 6 8 10 11 12 14 15 | 15.4
Poison Magic   | 1 |  1.0
Air Magic      | 1 3 |  3.3
Fire Magic     | 1 5 6 |  6.0
Summonings     | 2 |  2.0
Translocations | 2 3 |  3.1
Evocations     | 2 3 4 |  4.0
Dodging        | 4 5 6 8 9 11 12 | 12.1
Ice Magic      | 2 |  2.0
Shields        | 4 6 |  6.0
Earth Magic    | 1 |  1.1

Action                   |  1- 3 |  4- 6 |  7- 9 | 10-12 | 13-15 | 16-18 || total
-------------------------+-------+-------+-------+-------+-------+-------++-------
Melee: Unarmed           |    41 |       |       |       |       |       ||    41
       Constrict         |    11 |    15 |    26 |    10 |    39 |     1 ||   102
       Tentacles         |     3 |     4 |    14 |     4 |    46 |     4 ||    75
       Short sword       |       |    44 |   104 |     1 |       |       ||   149
       Morningstar       |       |       |       |    13 |       |       ||    13
       Staff             |       |       |       |     4 |       |       ||     4
       Quarterstaff      |       |       |       |    27 |   205 |       ||   232
       Flail             |       |       |       |       |    23 |    16 ||    39
Throw: Stone             |     7 |     2 |    11 |       |       |       ||    20
       Tomahawk          |       |       |    17 |     4 |     1 |       ||    22
 Cast: Magic Dart        |    81 |   125 |   213 |    78 |    82 |     2 ||   581
       Mephitic Cloud    |       |     4 |    13 |    22 |    46 |     4 ||    89
       Conjure Flame     |       |     4 |    29 |    72 |   166 |     4 ||   275
       Blink             |       |       |     4 |     5 |     6 |       ||    15
       Shock             |       |       |    54 |   436 |   654 |     7 ||  1151
       Sticky Flame      |       |       |     1 |    25 |    74 |     5 ||   105
       Fireball          |       |       |       |     5 |    22 |     2 ||    29
       Throw Icicle      |       |       |       |    27 |   483 |    15 ||   525
       Airstrike         |       |       |       |       |    54 |       ||    54
       Bolt of Magma     |       |       |       |       |    15 |    10 ||    25
Evoke: Wand              |       |       |       |     1 |     6 |       ||     7
       Sack of spiders   |       |       |       |       |     2 |       ||     2
  Use: Potion            |     1 |       |     1 |     1 |     4 |     6 ||    13
       Scroll            |       |     7 |     7 |    11 |    13 |     1 ||    39
 Stab: Sleeping          |       |     2 |     4 |       |       |       ||     6
       Confused          |       |       |       |     2 |     2 |       ||     4
  Eat: Chunk             |     3 |     8 |    13 |    29 |    44 |     1 ||    98
       Ration            |       |       |     1 |       |     3 |       ||     4
Armor: Skin              |     3 |     4 |     9 |     8 |    53 |     5 ||    82
Dodge: Dodged            |    42 |    30 |    68 |   122 |   530 |    22 ||   814
Block: Buckler           |       |       |       |       |     4 |     8 ||    12

Table legend:
 A = Non-vault XP
 B = Vault XP
 C = Vault XP percentage of total XP
 D = Non-vault monster count
 E = Vault monster count
 F = Vault count percentage of total count
                 A         B        C        D         E       F
            +---------+---------+-------+---------+---------+-------
      Total |   73159 |   63383 |  46.4 |     512 |     283 |  35.6
            +---------+---------+-------+---------+---------+-------
        D:1 |      21 |       0 |   0.0 |      13 |       0 |   0.0
        D:2 |      89 |      18 |  16.8 |      30 |       5 |  14.3
        D:3 |     157 |     160 |  50.5 |      21 |       6 |  22.2
        D:4 |     296 |       4 |   1.3 |      13 |       3 |  18.8
        D:5 |     548 |       0 |   0.0 |      12 |       0 |   0.0
        D:6 |     307 |     555 |  64.4 |       9 |       7 |  43.8
        D:7 |    1026 |    1223 |  54.4 |      28 |      11 |  28.2
        D:8 |     514 |    1051 |  67.2 |      11 |      12 |  52.2
        D:9 |    2486 |       0 |   0.0 |      30 |       0 |   0.0
       D:10 |    3222 |    4070 |  55.8 |      42 |       3 |   6.7
       D:11 |    5383 |       0 |   0.0 |      40 |       0 |   0.0
       D:12 |    6390 |     971 |  13.2 |      47 |       8 |  14.5
       D:13 |    5056 |    5895 |  53.8 |      25 |      22 |  46.8
       D:14 |    6229 |    1696 |  21.4 |      24 |       4 |  14.3
       D:15 |       0 |   17462 | 100.0 |       0 |      30 | 100.0
     Lair:1 |    5000 |       0 |   0.0 |      24 |       0 |   0.0
     Lair:2 |    4080 |     796 |  16.3 |      20 |       1 |   4.8
     Lair:3 |    1783 |    4110 |  69.7 |       9 |      13 |  59.1
     Lair:4 |    4708 |       0 |   0.0 |      25 |       0 |   0.0
     Lair:5 |   11476 |    1175 |   9.3 |      29 |       7 |  19.4
     Lair:6 |    9744 |   12054 |  55.3 |      25 |      62 |  71.3
      Orc:1 |    1440 |       3 |   0.2 |      15 |       1 |   6.2
      Orc:2 |    3204 |    7511 |  70.1 |      20 |      57 |  74.0
      Sewer |       0 |     126 | 100.0 |       0 |      10 | 100.0
      IceCv |       0 |    4503 | 100.0 |       0 |      21 | 100.0
            +---------+---------+-------+---------+---------+-------
